 Dungeon Crawl Stone Soup version 0.25-a0-398-g1920f1ac21 (webtiles) character file.

Game seed: 5610603875558150067, levelgen mode: deterministic

1971 Essalna the Zephyrmancer (level 9, -1/51 HPs)
             Began as a Tengu Air Elementalist on Jan 8, 2020.
             Was an Elder of Vehumet.
             Slain by a killer bee (3 damage)
             ... on level 7 of the Dungeon.
             The game lasted 00:27:12 (6282 turns).

Essalna the Zephyrmancer (Tengu Air Elementalist)   Turns: 6282, Time: 00:27:13

Health: -1/51      AC:  3    Str:  9    XL:     9   Next: 20%
Magic:  5/18       EV: 17    Int: 19    God:    Vehumet [****..]
Gold:   276        SH:  0    Dex: 14    Spells: 8/19 levels left

rFire    + + .     SeeInvis .   f - +2 dagger (venom)
rCold    + . .     Gourm    .   (no shield)
rNeg     . . .     Faith    .   a - +1 robe
rPois    .         Spirit   .   (helmet restricted)
rElec    .         Reflect  .   y - scarf {rC+ rF+}
rCorr    .         Harm     .   (no gloves)
MR       .....                  (boots unavailable)
Stlth    ++........             (no amulet)
HPRegen  0.17/turn              x - ring of protection from fire
MPRegen  0.16/turn              m - +3 ring of evasion

@: lethally poisoned (-1 -> -2)
A: beak, talons 3, able to fly
a: Fly, Renounce Religion


You were on level 7 of the Dungeon.
You worshipped Vehumet.
Vehumet was greatly pleased with you.
You were hungry.

You visited 1 branch of the dungeon, and saw 7 of its levels.
You also visited: Sewer.

You collected 276 gold pieces.

Inventory:

Hand Weapons
 d - a +0 dagger
 f - a +2 dagger of venom (weapon)
Armour
 a - a +1 robe (worn)
 t - a +1 cloak of invisibility
 y - a scarf of resistance (worn)
 A - a +0 leather armour of poison resistance
Jewellery
 g - an uncursed ring of stealth
 j - an uncursed ring of fire
 m - a +3 ring of evasion (right hand)
 x - a ring of protection from fire (left hand)
Wands
 l - a wand of clouds (5)
 C - a wand of digging (2)
Scrolls
 b - 5 scrolls of fear
 e - 5 scrolls of blinking
 i - 2 scrolls of enchant armour
 p - 2 scrolls of amnesia
 q - 4 scrolls of fog
 s - 5 scrolls of teleportation
Potions
 h - 2 potions of heal wounds
 k - 2 potions of magic {unknown}
 n - 2 potions of might
 o - a potion of curing
 r - a potion of brilliance
 u - a potion of flight
 w - a potion of agility
Comestibles
 c - 13 rations


   Skills:
 + Level 3.2 Fighting
 + Level 3.4 Armour
 + Level 4.3 Dodging
 - Level 2.0 Stealth
 + Level 5.6 Spellcasting
 + Level 7.7 Conjurations
 + Level 8.5 Air Magic


You had 8 spell levels left.
You knew the following spells:

 Your Spells              Type           Power        Failure   Level  Hunger
a - Shock                 Conj/Air       ####         1%          1    None
b - Swiftness             Chrm/Air       ###.....     3%          2    None
c - Static Discharge      Conj/Air       #####...     1%          3    ##.....
d - Lightning Bolt        Conj/Air       #####.....   3%          5    #####..

Your spell library contained the following spells:

 Spells                   Type           Power        Failure   Level  Hunger
 Lee's Rapid Deconstruct  Erth           #.........   58%         5    #####..
 Foxfire                  Conj/Fire      ###.         1%          1    None
 Conjure Flame            Conj/Fire      ###.....     1%          3    ##.....
 Airstrike                Air            #####.....   1%          4    ####...
 Sticky Flame             Conj/Fire      ###.....     7%          4    ####...
 Inner Flame              Hex/Fire       #.......     10%         3    ##.....
 Fireball                 Conj/Fire      ###.......   17%         5    #####..


Dungeon Overview and Level Annotations

Branches:
Dungeon (7/15)             Temple (0/1) D:6           Sewer (visited)

Altars:
Ashenzari
Dithmenos
Elyvilon
Gozag
Kikubaaqudgha
Nemelex Xobeh
Vehumet
Xom
Yredelemnul
Zin
The Shining One


Innate Abilities, Weirdness & Mutations

You have a beak for a mouth.
You have claws for feet.
You can fly continuously.


Message History

Vehumet accepts your kill.
You feel your power returning.
You are struck by an arc of lightning.
You feel sick. The killer bee closely misses you.
You see here an arrow.
Casting: Static Discharge (safe; 1% risk of failure)
Confirm with . or Enter, or press ? or * to list all spells.
The killer bee is struck by an arc of lightning.
The killer bee is lightly wounded.
You are struck by an arc of lightning.
* * * LOW HITPOINT WARNING * * *
The lightning grounds out.
The killer bee is struck by an arc of lightning.
The killer bee is moderately wounded.
You are struck by an arc of lightning.
* * * LOW HITPOINT WARNING * * *
The lightning grounds out.
The killer bee misses you. The killer bee stings you!
* * * LOW HITPOINT WARNING * * *
The killer bee stings you.
You die...

##.##.##.#..#
..... .....##
....##.....
.........
.....#.#
#.#.##)#
#.#†##.#
#)yyy..########
###@#####.....#
#.#####.....###
#.##...........
#.##.#......#
#...........#
####.#.<...##
#.#####.#
#.#####.#
#.......#


You could see 3 killer bees.

Vanquished Creatures
  Eustachio (D:4)
  A hungry ghost (D:7)
  An ice beast (D:6)
  2 ogres
  2 phantoms
  A centaur (D:7)
  4 bullfrogs
  A scorpion (D:6)
  4 killer bees (D:7)
  A howler monkey (D:6)
  2 crimson imps
  A bullfrog zombie (D:5)
  A centaur skeleton (D:4)
  3 orc priests
  Crazy Yiuf (D:4)
  Ijyb (D:4)
  2 orc wizards
  A worker ant (D:7)
  A hound skeleton (D:6)
  Robin (D:4)
  A gnoll (D:1)
  3 river rats (Sewer)
  12 adders
  6 oozes
  An adder skeleton (D:4)
  4 leopard geckos
  19 orcs
  6 giant cockroaches
  13 goblins
  6 hobgoblins
  10 jackals
  7 kobolds
  5 quokkas
  8 ball pythons (Sewer)
  5 bats
  8 frilled lizards
  35 rats
181 creatures vanquished.

Notes
Turn   | Place    | Note
-------+----------+-------------------------------------------
     0 | D:1      | Essalna the Tengu Air Elementalist began the quest for the
                  | Orb.
     0 | D:1      | Reached XP level 1. HP: 10/10 MP: 4/4
   151 | D:1      | Reached XP level 2. HP: 15/15 MP: 3/6
   403 | D:1      | You fall into a shaft and drop 1 floor!
   406 | D:2      | Found a shattered altar of Ashenzari.
   415 | D:2      | Found a radiant altar of Vehumet.
   425 | D:2      | Became a worshipper of Vehumet
   678 | D:1      | Reached XP level 3. HP: 16/19 MP: 2/7
  1018 | D:2      | Found a faded altar of an unknown god.
  1018 | D:2      | Found a shimmering altar of Xom.
  1026 | D:2      | Found a basalt altar of Yredelemnul.
  1030 | D:2      | Found an ancient bone altar of Kikubaaqudgha.
  1032 | D:2      | Found a sparkling altar of Nemelex Xobeh.
  1041 | D:2      | Reached * piety under Vehumet
  1041 | D:2      | Offered knowledge of Sandblast by Vehumet.
  1471 | D:2      | Reached XP level 4. HP: 17/24 MP: 1/9
  1497 | D:2      | Reached skill level 5 in Air Magic
  1640 | D:3      | Found a glowing silver altar of Zin.
  1644 | D:3      | Found a glowing golden altar of the Shining One.
  1645 | D:3      | Found a white marble altar of Elyvilon.
  1916 | D:3      | Found a glowing drain.
  1920 | Sewer    | Entered a sewer
  1937 | Sewer    | Offered knowledge of Magic Dart by Vehumet.
  1939 | Sewer    | Reached ** piety under Vehumet
  1949 | Sewer    | Gained mutation: You can fly continuously. [Tengu growth]
  1949 | Sewer    | Reached XP level 5. HP: 28/28 MP: 5/10
  2457 | Sewer    | Offered knowledge of Mephitic Cloud by Vehumet.
  2520 | Sewer    | Reached skill level 6 in Air Magic
  2520 | Sewer    | Reached XP level 6. HP: 15/32 MP: 9/12
  2524 | Sewer    | HP: 2/48 [ball python (1)]
  2529 | Sewer    | Reached skill level 5 in Conjurations
  2839 | Sewer    | Learned a level 2 spell: Swiftness
  2843 | Sewer    | Learned a level 3 spell: Static Discharge
  2849 | Sewer    | Learned a level 5 spell: Lightning Bolt
  2905 | D:3      | Reached *** piety under Vehumet
  3001 | D:4      | Found an opulent altar of Gozag.
  3019 | D:4      | Noticed Robin
  3033 | D:5      | Entered Level 5 of the Dungeon
  3228 | D:4      | Noticed Ijyb
  3235 | D:4      | Killed Ijyb
  3239 | D:4      | Killed Robin
  3289 | D:4      | Reached XP level 7. HP: 36/36 MP: 1/14
  3484 | D:4      | Found a runed translucent door.
  3485 | D:4      | Noticed Crazy Yiuf
  3737 | D:4      | Offered knowledge of Stone Arrow by Vehumet.
  3906 | D:4      | Noticed Eustachio
  3922 | D:4      | Killed Eustachio
  3922 | D:4      | Reached skill level 7 in Air Magic
  4202 | D:4      | Killed Crazy Yiuf
  4785 | D:5      | Reached skill level 1 in Fighting
  4785 | D:5      | Reached skill level 1 in Armour
  4785 | D:5      | Reached XP level 8. HP: 8/43 MP: 5/16
  5045 | D:5      | Found a sparkling altar of Nemelex Xobeh.
  5252 | D:6      | Found a shadowy altar of Dithmenos.
  5258 | D:6      | Reached skill level 5 in Spellcasting
  5499 | D:6      | Found a staircase to the Ecumenical Temple.
  5553 | D:6      | Reached **** piety under Vehumet
  5703 | D:6      | Found a radiant altar of Vehumet.
  5706 | D:6      | Offered knowledge of Lee's Rapid Deconstruction by Vehumet.
  5762 | D:6      | Reached skill level 8 in Air Magic
  5933 | D:7      | Reached XP level 9. HP: 31/49 MP: 11/18
  6282 | D:7      | HP: 2/51 [killer bee (7)]
  6282 | D:7      | Slain by a killer bee

Levels and vault maps discovered:
D:1:      minmay_arrival_solitary_statue, layout_rooms, minmay_misc_feat_chi
D:2:      layout_loops_ring, amethyst_overflow_temple_binary,
          chequers_temple_overflow_minitemple
D:3:      layout_rooms, good_gods_temple_1, gup_sewer_entry_bowl,
          minmay_misc_feat_cross
D:4:      layout_gridville, overflow_temple_1_default, uniq_eustachio,
          uniq_robin, uniq_ijyb, uniq_crazy_yiuf_cottage
D:5:      layout_loops_ring, first_ration, nemelex_dance_club_becter
D:6:      layout_loops_ring, grunt_dithmenos_smoke_and_mirrors,
          minmay_temple_entry_poolview, basic_altar
D:7:      layout_loops_cross, dancing_weapons_uskayaw

Skill      XL: |  1  2  3  4  5  6  7  8  9 |
---------------+----------------------------+-----
Conjurations   | 2 3 4 5 6 7 |  7.7
Air Magic      | 5 6 7 8 |  8.5
Spellcasting   | 3 4 5 |  5.6
Fighting       | 1 2 3 |  3.2
Armour         | 1 3 |  3.4
Dodging        | 3 4 |  4.3
Stealth        | |  2.0

Action                   |  1- 3 |  4- 6 |  7- 9 || total
-------------------------+-------+-------+-------++-------
Melee: Unarmed           |     2 |       |       ||     2
       Peck              |     1 |     6 |     6 ||    13
       Dagger            |    19 |    71 |    36 ||   126
       Kick              |     3 |     2 |     9 ||    14
 Cast: Shock             |    56 |   134 |   125 ||   315
       Static Discharge  |       |       |    21 ||    21
  Use: Potion            |       |    11 |       ||    11
       Scroll            |       |    11 |     2 ||    13
 Stab: Sleeping          |     1 |     1 |     2 ||     4
  Eat: Chunk             |     2 |     6 |    10 ||    18
Armor: Robe              |    14 |    13 |     9 ||    36
       Skin              |       |   118 |       ||   118
Dodge: Dodged            |    40 |    53 |    61 ||   154

Table legend:
 A = Non-vault XP
 B = Vault XP
 C = Vault XP percentage of total XP
 D = Non-vault monster count
 E = Vault monster count
 F = Vault count percentage of total count
                 A         B        C        D         E       F
            +---------+---------+-------+---------+---------+-------
      Total |    2039 |     778 |  27.6 |     113 |      68 |  37.6
            +---------+---------+-------+---------+---------+-------
        D:1 |      48 |       0 |   0.0 |      21 |       0 |   0.0
        D:2 |      51 |       0 |   0.0 |      20 |       0 |   0.0
        D:3 |      47 |       6 |  11.3 |      15 |       4 |  21.1
        D:4 |     240 |     304 |  55.9 |      15 |      14 |  48.3
        D:5 |     134 |     132 |  49.6 |       7 |       2 |  22.2
        D:6 |     789 |       0 |   0.0 |      24 |       0 |   0.0
        D:7 |     730 |       0 |   0.0 |      11 |       0 |   0.0
      Sewer |       0 |     336 | 100.0 |       0 |      48 | 100.0
            +---------+---------+-------+---------+---------+-------
